 Dungeon Crawl Stone Soup version 0.29.1-1-gd02db6906a (webtiles) character file.

Game seed: 15889280402919403597

1215 LustLizard the Covert (level 8, -1/40 HPs)
             Began as a Spriggan Hunter on Oct 13, 2022.
             Was an Initiate of Dithmenos.
             Shot with an arrow by a centaur (5 damage)
             ... on level 7 of the Dungeon.
             The game lasted 00:08:39 (6927 turns).

LustLizard the Covert (Spriggan Hunter)             Turns: 6927, Time: 00:08:40

Health: -1/40      AC:  3    Str:  7    XL:     8   Next: 22%
Magic:  9/9        EV: 21    Int: 11    God:    Dithmenos [......]
Gold:   270        SH:  0    Dex: 20    Spells: 7/7 levels left

rFire   . . .      SeeInvis +   a - +0 shortbow
rCold   . . .      Faith    .   (shield currently unavailable)
rNeg    . . .      Spirit   .   c - +0 robe
rPois   .          Reflect  .   (helmet restricted)
rElec   .          Harm     .   q - +0 cloak
rCorr   +          Rampage  .   (gloves unavailable)
Will    +....                   (boots unavailable)
Stlth   ++++......              (no amulet)
HPRegen 0.13/turn               x - ring of resist corrosion
MPRegen 0.11/turn               (no ring)

@: very quick
A: very small, no large weapons, unfitting armour, see invisible, speed 3
a: Renounce Religion


You were on level 7 of the Dungeon.
You worshipped Dithmenos.
Dithmenos was noncommittal.
You visited 2 branches of the dungeon, and saw 8 of its levels.

You collected 298 gold pieces.
You spent 28 gold pieces at shops.

Inventory:

Hand Weapons
 a - a +0 shortbow (weapon)
Armour
 c - a +0 robe (worn)
 q - a +0 cloak (worn)
Jewellery
 x - a ring of resist corrosion (left hand)
Wands
 p - a wand of flame (15)
 u - a wand of digging (4)
 y - a wand of paralysis (12)
Scrolls
 b - 2 scrolls of immolation
 e - 2 scrolls of teleportation
 g - 2 scrolls of enchant armour {unknown}
 n - 3 scrolls of butterflies
 s - a scroll of summoning {unknown}
 t - 3 scrolls of blinking {unknown}
 z - a scroll of magic mapping {unknown}
Potions
 d - a potion of attraction
 f - a potion of resistance
 h - a potion of haste
 i - 2 potions of might
 j - a potion of mutation
 k - a potion of lignification
 l - a potion of brilliance
 m - a potion of heal wounds {unknown}
 o - a potion of berserk rage {unknown}
 r - 2 potions of curing {unknown}
 v - 2 potions of flight {unknown}
 w - a potion of magic


   Skills:
 + Level 3.5 Fighting
 * Level 6.9 Ranged Weapons
 + Level 5.9 Dodging
 * Level 9.0 Stealth


You had 7 spell levels left.
You didn't know any spells.
Your spell library contained the following spells:

 Spells                   Type           Power      Damage    Failure   Level
 Apportation              Tloc           0%         N/A       34%         1
 Necrotise                Necr           0%         1d4       34%         1
 Summon Small Mammal      Summ           0%         N/A       34%         1
 Tukima's Dance           Hex            0%         N/A       71%         3
 Passage of Golubria      Tloc           0%         N/A       98%         4
 Yara's Violent Unravell  Hex/Tmut       0%         3d3       100%        5
 Malign Gateway           Summ/Tloc      0%         N/A       100%        7
 Summon Horrible Things   Summ           0%         N/A       100%        8


Dungeon Overview and Level Annotations

Branches:
Dungeon (7/15)             Temple (1/1) D:4

Altars:
Dithmenos
Elyvilon
Kikubaaqudgha
Makhleb
Nemelex Xobeh
Uskayaw
Yredelemnul
The Shining One

Shops:
D:5 *

Annotations:
D:4 2 transporters, Menkaure
D:6 exclusion: steam dragon


Innate Abilities, Weirdness & Mutations

You are very small and have problems with some larger weapons.
You are too small for most types of armour.
You have supernaturally acute eyesight. (SInv)
You cover ground extremely quickly. (Speed+++)


Message History

The centaur is moderately wounded.
The centaur wields a +0 shortbow.
The centaur shoots an arrow.
The arrow hits you!
You shoot an arrow.
The arrow hits the centaur but does no damage.
The centaur is moderately wounded.
The centaur shoots an arrow.
The arrow completely misses you.
The centaur shoots an arrow.
The arrow completely misses you.
You shoot an arrow. The arrow hits the centaur.
The centaur is severely wounded.
The centaur shoots an arrow.
The arrow hits you!
The centaur shoots an arrow.
The arrow completely misses you.
You are too injured to fight recklessly!
You are too injured to fight recklessly!
Fire: a) +0 shortbow
Press: ? - help, Q - select action, (/) - cycle Shift-Dir - straight line, f/p - centaur
Aim: a centaur, wielding a +0 shortbow (severely wounded, 76% to hit)
You shoot an arrow. The arrow barely misses the centaur.
The centaur shoots an arrow.
The arrow hits you!
* * * LOW HITPOINT WARNING * * *
Fire: a) +0 shortbow
Press: ? - help, Q - select action, (/) - cycle Shift-Dir - straight line, f/p - centaur
Aim: a centaur, wielding a +0 shortbow (severely wounded, 76% to hit)
You shoot an arrow.
The arrow hits the centaur but does no damage.
The centaur is severely wounded.
The centaur shoots an arrow.
The arrow closely misses you.
Fire: a) +0 shortbow
Press: ? - help, Q - select action, (/) - cycle Shift-Dir - straight line, f/p - centaur
Aim: a centaur, wielding a +0 shortbow (severely wounded, 76% to hit)
You shoot an arrow. The arrow hits the centaur.
The centaur is severely wounded.
The centaur shoots an arrow.
The arrow barely misses you.
Fire: a) +0 shortbow
Press: ? - help, Q - select action, (/) - cycle Shift-Dir - straight line, f/p - centaur
Aim: a centaur, wielding a +0 shortbow (severely wounded, 76% to hit)
You shoot an arrow. The arrow hits the centaur.
The centaur is severely wounded.
The centaur shoots an arrow.
The arrow hits you.
You die...

..####................
##......................
....####................
####....................
#.......................
..........#............
..........##...........
..........###..........
.........## #..@...c...
#......(.# #..##......
.......## ##.## ....#
.....# #..# #### ####


You could see a centaur.

Vanquished Creatures
  Grinder (D:6)
  2 ice beasts
  An ogre (D:5)
  2 phantoms
  A scorpion (D:6)
  A necrophage (D:6)
  2 wights
  A howler monkey (D:5)
  3 hounds
  Crazy Yiuf (D:3)
  An iguana (D:4)
  Terence (D:2)
  7 adders
  A gnoll (D:1)
  2 shadow imps (D:6)
  A white imp (D:6)
  An ufetubus (D:5)
  2 worms
  3 dart slugs
  6 orcs
  11 endoplasms
  2 giant cockroaches
  7 goblins
  5 hobgoblins
  3 jackals (D:4)
  A quokka (D:4)
  8 ball pythons
  4 bats
  3 frilled lizards
  2 kobolds (D:2)
  2 rats (D:2)
88 creatures vanquished.

Vanquished Creatures (others)
  2 fungi (D:3)
2 creatures vanquished.

Grand Total: 90 creatures vanquished

Notes
Turn   | Place    | Note
-------+----------+-------------------------------------------
     0 | D:1      | LustLizard the Spriggan Hunter began the quest for the Orb.
     0 | D:1      | Reached XP level 1. HP: 10/10 MP: 2/2
   100 | D:1      | Reached skill level 2 in Stealth
   111 | D:1      | Reached XP level 2. HP: 13/15 MP: 3/3
   286 | D:1      | Found a faded altar of an unknown god.
   426 | D:1      | Reached skill level 3 in Stealth
   429 | D:1      | Reached XP level 3. HP: 15/18 MP: 4/4
  1081 | D:2      | Reached XP level 4. HP: 23/23 MP: 5/5
  1122 | D:2      | Noticed Terence
  1166 | D:2      | Killed Terence
  1167 | D:2      | Reached skill level 4 in Stealth
  1774 | D:3      | Reached XP level 5. HP: 26/26 MP: 6/6
  1859 | D:3      | Found a hide-covered altar of Uskayaw.
  1862 | D:3      | Found a burning altar of Makhleb.
  1866 | D:3      | Found a white marble altar of Elyvilon.
  2269 | D:3      | Found a runed translucent door.
  2270 | D:3      | Noticed Crazy Yiuf
  2306 | D:3      | Killed Crazy Yiuf
  2307 | D:3      | Reached skill level 5 in Ranged Weapons
  2307 | D:3      | Reached skill level 5 in Stealth
  2842 | D:4      | Found a transporter.
  2847 | D:4      | Found a transporter.
  2861 | D:4      | Found a basalt altar of Yredelemnul.
  2865 | D:4      | Noticed Menkaure
  2871 | D:4      | Found an ancient bone altar of Kikubaaqudgha.
  2895 | D:4      | Found a staircase to the Ecumenical Temple.
  2907 | Temple   | Entered the Ecumenical Temple
  2929 | Temple   | Became a worshipper of Dithmenos the Shadowed
  3563 | D:5      | Entered Level 5 of the Dungeon
  3900 | D:5      | Reached XP level 6. HP: 32/32 MP: 7/7
  3945 | D:5      | Reached skill level 6 in Stealth
  4200 | D:5      | Found Pipsok's General Store.
  4207 | D:5      | Bought a scroll of identify for 28 gold pieces
  4591 | D:6      | Noticed a steam dragon
  4958 | D:6      | Noticed an ice beast
  4978 | D:6      | Killed an ice beast
  4979 | D:6      | Reached skill level 7 in Stealth
  4979 | D:6      | Reached XP level 7. HP: 35/35 MP: 8/8
  5258 | D:6      | Reached skill level 5 in Dodging
  5480 | D:6      | Noticed Grinder
  5504 | D:6      | Killed Grinder
  5505 | D:6      | Reached skill level 8 in Stealth
  6331 | D:7      | Identified the +1 broad axe of Scorn {vorpal, rC+ rCorr
                  | Str+3}
  6362 | D:7      | Reached XP level 8. HP: 28/40 MP: 9/9
  6703 | D:7      | Reached skill level 9 in Stealth
  6927 | D:7      | Shot with an arrow by a centaur

Illustrated notes

Levels and vault maps discovered:
D:1:      psy_arrival_fountain, layout_rooms, nicolae_ecumenical_snake_handling,
          hangedman_decor_opposing, nicolae_concentric_dashed_squares_wild,
          hex_intersection
D:2:      layout_loops_cross, minmay_circled_x, uniq_terence
D:3:      layout_loops_cross, grunt_temple_overflow_diamond,
          wad_floor_pattern_2, minmay_diced_spiral, uniq_crazy_yiuf_cottage
D:4:      layout_basic, gammafunk_temple_of_torment, minmay_temple_entry_arrows
D:5:      layout_loops_corners, serial_shops, shop
D:6:      layout_layer_cave, nicolae_lava_and_water, uniq_grinder
D:7:      layout_cave_pods, kennysheep_generic_room_14
Temple:   dpeg_chambers_temple

Skill      XL: |  1  2  3  4  5  6  7  8 |
---------------+-------------------------+-----
Stealth        | 2 3 4 5 7 8 9 |  9.0
Dodging        | 3 4 5 |  5.9
Fighting       | 2 3 |  3.5
Ranged Weapons | 5 6 |  6.9

Action                   |  1- 3 |  4- 6 |  7- 9 || total
-------------------------+-------+-------+-------++-------
 Fire: Shortbow          |    72 |   168 |   133 ||   373
  Use: Scroll            |       |     9 |     1 ||    10
Armor: Robe              |     2 |     7 |     3 ||    12
Dodge: Dodged            |    14 |    39 |    39 ||    92
